AoeStats
← ThunderboltX

Arabian Desert

509465621Analyzed
1v1 RM · 6d ago on Sep 26, 2026· 29m 35s· 2 players
Game mode
Random Map
Map size
Tiny (2 player)
Population
200
Speed
Normal
Resources
Standard
Victory
Conquest
Starting age
Dark Age
Ending age
Imperial Age
RankedLock teamsTeams togetherTeam positionsShared explorationLock speedFull tech treeHidden civsTurbo modeCheats
Victory
Defeat
🇹🇷 Varangians · Türkiye
2543
+10
🇧🇬 Magyars · Bulgaria
2396
-10
ThunderboltX
6:16 Loom
6:19 Loom
9:52 Feudal Age
10:33 Double-Bit Axe
11:21 Double-Bit Axe
20:46 Bloodlines
23:36 Horse Collar
KASVA
6:31 Loom
8:51 Feudal Age
9:19 Double-Bit Axe
9:32 Man-at-Arms
10:14 Town Watch
14:12 Double-Bit Axe
18:53 Fletching
21:49 Scale Mail Armor
24:55 Forging
29:25 Castle Age
27:37 Padded Archer Armor
28:45 Scale Barding Armor
Connection lost

Rejoining the realm…

Still unreachable

The connection could not be restored.

Session expired

The server has moved on; the page needs a fresh start.